 Dungeon Crawl Stone Soup version 0.29.1-12-g30fa7ad0bf (webtiles) character file.

Game seed: 4480099802353215454

429 devnull the Trooper (level 6, -1/56 HPs)
             Began as a Ghoul Gladiator on Dec 29, 2022.
             Was an Initiate of Okawaru.
             Slain by Edmund
             ... wielding a +2 flail of holy wrath
              (11 damage)
             ... on level 5 of the Dungeon.
             The game lasted 00:07:34 (4103 turns).

devnull the Trooper (Ghoul Gladiator)               Turns: 4103, Time: 00:07:35

Health: -1/56      AC: 12    Str: 22    XL:     6   Next: 98%
Magic:  5/5        EV:  6    Int:  3    God:    Okawaru [......]
Gold:   340        SH:  2    Dex:  5    Spells: 5/5 levels left

rFire   . . .      SeeInvis .   b - +8 sling "Col Var" {venom, rC+ Str+2 Dex-5}
rCold   + + +      Faith    .   s - +0 buckler
rNeg    + + +      Spirit   .   m - +0 plate armour
rPois   ∞          Reflect  .   c - +0 helmet
rElec   .          Harm     .   (no cloak)
rCorr   .          Rampage  .   (no gloves)
Will    .....                   (no boots)
Stlth   ..........              (no amulet)
HPRegen 0.00/turn               j - ring of protection from cold
MPRegen 0.09/turn               (no ring)

@: inhibited regen
A: claws 1, cold resistance 1, negative energy resistance 3, inhibited
regeneration, torment resistance 2, devour on kill
a: Renounce Religion


You were on level 5 of the Dungeon.
You worshipped Okawaru.
Okawaru was noncommittal.
You visited 2 branches of the dungeon, and saw 6 of its levels.

You collected 340 gold pieces.

Inventory:

Hand Weapons
 a - a +0 war axe
 b - the +8 sling "Col Var" (weapon) {venom, rC+ Str+2 Dex-5}
   (You found it on level 4 of the Dungeon)

   Any ammunition fired from it poisons the flesh of those it strikes.
   Str:       It affects your strength (+2).
   Dex:       It affects your dexterity (-5).
   rC:        It protects you from cold.
Missiles
 d - 3 throwing nets
 e - a javelin
 p - 5 poisoned darts
Armour
 c - a +0 helmet (worn)
 l - a +0 ring mail
 m - a +0 plate armour (worn)
 s - a +0 buckler (worn)
Jewellery
 j - a ring of protection from cold (left claw)
 x - a ring of wizardry
Wands
 v - a wand of mindburst (10)
Scrolls
 i - 3 scrolls of magic mapping {unknown}
 r - 2 scrolls of amnesia {unknown}
 t - 2 scrolls of fear {unknown}
 u - a scroll of poison {unknown}
 w - a scroll of enchant armour {unknown}
 y - a scroll of summoning {unknown}
 z - a scroll of blinking {unknown}
 B - a scroll of teleportation {unknown}
 C - 4 scrolls of identify {unknown}
Potions
 f - a potion of invisibility {unknown}
 g - a potion of brilliance {unknown}
 h - 2 potions of degeneration {unknown}
 k - 4 potions of flight {unknown}
 n - a potion of magic {unknown}
 o - 2 potions of curing {unknown}
 q - 2 potions of berserk rage {unknown}
 A - 3 potions of haste {unknown}
 D - a potion of lignification {unknown}


   Skills:
 + Level 5.1 Fighting
 + Level 4.7 Axes
 - Level 1.7 Throwing
 + Level 2.9 Armour
 - Level 2.6 Dodging


You had 5 spell levels left.
You didn't know any spells.
Your spell library contained the following spells:

 Spells                   Type           Power      Damage    Failure   Level
 Magic Dart               Conj           0%         1d3       100%        1
 Ensorcelled Hibernation  Hex/Ice        0%         N/A       100%        2
 Mephitic Cloud           Conj/Pois/Air  0%         N/A       100%        3
 Portal Projectile        Hex/Tloc       0%         N/A       100%        3
 Anguish                  Hex/Necr       0%         N/A       100%        4
 Call Imp                 Summ           Unusable   N/A       N/A         2
 Spider Form              Tmut/Pois      Unusable   N/A       N/A         3
 Tukima's Dance           Hex            Unusable   N/A       N/A         3
 Blade Hands              Tmut           Unusable   N/A       N/A         5

Dungeon Overview and Level Annotations

Branches:
Dungeon (5/15)             Temple (1/1) D:5

Altars:
Cheibriados
Dithmenos
Fedhas
Kikubaaqudgha
Nemelex Xobeh
Okawaru
Qazlal
Sif Muna
Trog
Uskayaw
Wu Jian
Xom
Yredelemnul

Shops:
D:3 [

Annotations:
D:5 Edmund


Innate Abilities, Weirdness & Mutations

You are immune to poison.
You have sharp fingernails.
Your flesh is cold resistant. (rC+)
You are immune to negative energy. (rN+++)
You do not regenerate when monsters are visible.
You are immune to unholy pain and torment.
You thrive by killing the living.


Message History

Okawaru accepts your kill.
No target in view!
Things that are here:
a +0 dagger; an orc corpse Edmund the Younger comes into view.
He is wielding a +2 flail of holy wrath and wearing a +1 chain mail of willpower.
Edmund is nearby!
You shoot a sling bullet.
The sling bullet hits Edmund but does no damage.
Edmund is poisoned.
You hear a shout!
An ufetubus comes into view.
You shoot a sling bullet. The sling bullet hits Edmund.
Edmund looks as sick as possible!
Edmund is lightly wounded.
You shoot a sling bullet. The sling bullet hits Edmund.
Edmund looks as sick as possible!
Edmund is moderately wounded.
The ufetubus barely misses you. You block the ufetubus's attack.
The ufetubus hits you. x2
You shoot a sling bullet. The sling bullet hits the ufetubus!
You kill the ufetubus!
Okawaru accepts your kill. Edmund closely misses you.
You shoot a sling bullet. The sling bullet barely misses Edmund.
Edmund says, "People think my brother is the best.
I think he's crazy."
Edmund barely misses you.
You shoot a sling bullet.
The sling bullet hits Edmund but does no damage.
Edmund looks as sick as possible!
Edmund is severely wounded.
Edmund hits you with a +2 flail of holy wrath!
You convulse!
Edmund closely misses you. Edmund hits you but does no damage.
Edmund attacks as you move away!
Edmund hits you with a +2 flail of holy wrath!
You convulse!
* * * LOW HITPOINT WARNING * * *
Edmund attacks as you move away!
Edmund hits you with a +2 flail of holy wrath!
You die...

######
##########....#### ####
#................# .....
#@##...###...)##.#
......#@##...#...)##....
........##...#.#........
.....#####...#.#.....##.
.... #...#.#........
..... #...#.......)##
...... #...##.........
#..... .....+.......###
#..... #....####.#...#.


You could see Edmund (extremely poisoned).

Vanquished Creatures
  An ogre (D:5)
  A hound (D:4)
  3 orc priests
  2 jellies (D:4)
  4 adders
  4 gnolls (D:5)
  An ufetubus (D:5)
  2 worms (D:4)
  2 dart slugs
  10 orcs
  6 ball pythons
  2 endoplasms
  2 giant cockroaches
  5 goblins
  9 hobgoblins
  3 jackals (D:1)
  3 quokkas
  5 bats
  9 frilled lizards
  6 kobolds
  4 rats
84 creatures vanquished.

Vanquished Creatures (others)
  3 plants (D:2)
3 creatures vanquished.

Grand Total: 87 creatures vanquished

Notes
Turn   | Place    | Note
-------+----------+-------------------------------------------
     0 | D:1      | devnull the Ghoul Gladiator began the quest for the Orb.
     0 | D:1      | Reached XP level 1. HP: 17/17 MP: 0/0
    47 | D:1      | Reached XP level 2. HP: 17/25 MP: 1/1
   271 | D:1      | Found a faded altar of an unknown god.
   273 | D:1      | Noticed a golden eye
   281 | D:1      | Noticed a great orb of eyes
   281 | D:1      | Noticed a great orb of eyes
   281 | D:1      | Noticed a great orb of eyes
   598 | D:1      | Reached skill level 3 in Fighting
   735 | D:1      | You fall into a shaft and drop 1 floor!
   784 | D:1      | Reached XP level 3. HP: 29/31 MP: 2/2
  1971 | D:3      | Reached XP level 4. HP: 38/38 MP: 3/3
  1999 | D:3      | Found a hide-covered altar of Uskayaw.
  1999 | D:3      | Found a bloodstained altar of Trog.
  2305 | D:3      | Found Uptav's Antique Armour Shoppe.
  2484 | D:4      | Reached skill level 1 in Armour
  2613 | D:4      | Reached skill level 4 in Fighting
  2613 | D:4      | Reached XP level 5. HP: 20/46 MP: 4/4
  3157 | D:4      | Identified the +8 sling "Col Var" {venom, rC+ Str+2 Dex-5}
  3204 | D:4      | Reached XP level 6. HP: 51/53 MP: 5/5
  3253 | D:4      | Found a stormy altar of Qazlal.
  3412 | D:4      | Found an ornate altar of the Wu Jian Council.
  3506 | D:5      | Entered Level 5 of the Dungeon
  3688 | D:5      | Found a staircase to the Ecumenical Temple.
  3699 | D:5      | Reached skill level 5 in Fighting
  3709 | Temple   | Entered the Ecumenical Temple
  3944 | Temple   | Became a worshipper of Warmaster Okawaru
  4094 | D:5      | Noticed Edmund
  4103 | D:5      | Slain by Edmund

Illustrated notes

Levels and vault maps discovered:
D:1:      saegor_arrival_simple_a, layout_loops_ring,
          hellmonk_ecumenical_altar_watching_god, feat_on_display
D:2:      layout_loops_cross, minmay_lizard_king
D:3:      layout_basic, mainiacjoe_overflow_divided_tiny, serial_shops,
          shop_fountains, minmay_stone_trees_medium,
          minmay_misc_feat_more_columns
D:4:      minmay_general_purpose_star, layout_loops_ring,
          nicolae_qazlal_scattered_showers, mainiacjoe_overflow_alcove_1
D:5:      layout_basic, mainiacjoe_overflow_cross_hatched,
          minmay_temple_entry_waves, uniq_edmund
Temple:   minmay_temple_bridge_abc

Skill      XL: |  1  2  3  4  5  6 |
---------------+-------------------+-----
Axes           | 3 4 |  4.7
Fighting       | 3 4 5 |  5.1
Armour         | 1 2 |  2.9
Throwing       | |  1.7
Dodging        | |  2.6

Action                   |  1- 3 |  4- 6 || total
-------------------------+-------+-------++-------
Melee: War axe           |   128 |    72 ||   200
       Punch             |     2 |       ||     2
 Fire: Sling             |       |    34 ||    34
Throw: Throwing net      |     1 |       ||     1
Armor: Leather armour    |    27 |       ||    27
       Plate armour      |    33 |    54 ||    87
       Ring mail         |     6 |       ||     6
Dodge: Dodged            |    91 |    18 ||   109
Block: Buckler           |       |    12 ||    12
